AoeStats
← Vabryn

Black Forest

503535560Analyzed
3v3 RM · 1mo ago on Sep 1, 2026· 51m 9s· 6 players
Game mode
Random Map
Map size
Normal (6 player)
Population
200
Speed
Normal
Resources
Standard
Victory
Conquest
Starting age
Dark Age
Ending age
Imperial Age
RankedLock teamsTeams togetherTeam positionsShared explorationLock speedFull tech treeHidden civsTurbo modeCheats
Victory
Defeat
🇺🇸 Bohemians · United States
1291
+13
🇺🇸 Celts · United States
1286
+13
🇻🇳 Ethiopians · Vietnam
1272
+14
🇺🇸 Huns · United States
1295
-17
🇲🇽 Japanese · Mexico
1211
-13
🇲🇽 Cumans · Mexico
1166
-11
kkrieger5718
0:27 Loom
13:37 Feudal Age
17:33 Castle Age
15:21 Horse Collar
16:30 Scale Mail Armor
16:27 Double-Bit Axe
17:12 Man-at-Arms
17:41 Man-at-Arms
18:23 Long Swordsman
20:21 Arson
23:01 Gambesons
27:49 Wheelbarrow
28:08 Chain Mail Armor
29:41 Chain Mail Armor
31:08 Forging
32:49 Iron Casting
34:00 Heavy Plow
34:13 Bow Saw
34:30 Hand Cart
34:25 Gold Mining
37:41 Fortified Wall
40:17 Imperial Age
38:28 Treadmill Crane
39:52 Gold Shaft Mining
39:08 Stone Mining
40:19 Two-Handed Swordsman
41:32 Plate Mail Armor
42:02 Blast Furnace
40:41 Heavy Scorpion
42:37 Chemistry
41:59 Ballistics
42:58 Ballistics
42:44 Siege Engineers
42:06 Champion
44:12 Capped Ram
45:25 Furor Celtica
46:46 Guilds
47:47 Siege Ram
49:33 Town Watch
49:48 Onager
51:27 Coinage
Defender
0:27 Loom
10:40 Feudal Age
15:48 Castle Age
13:50 Double-Bit Axe
14:13 Horse Collar
18:26 Fervor
19:56 Bow Saw
20:48 Wheelbarrow
22:17 Redemption
23:10 Heavy Plow
24:53 Sanctity
25:52 Hand Cart
27:52 Fortified Wall
31:32 Imperial Age
30:50 Chemistry
29:34 Pikeman
30:25 Town Watch
30:48 Treadmill Crane
33:19 Two-Man Saw
31:41 Halberdier
32:24 Scale Mail Armor
33:08 Siege Engineers
33:47 Squires
34:12 Chain Mail Armor
35:02 Conscription
35:09 Forging
35:11 Masonry
35:19 Houfnice
36:14 Wagenburg Tactics
36:15 Arson
37:16 Plate Mail Armor
38:27 Iron Casting
39:15 Man-at-Arms
39:46 Long Swordsman
41:30 Blast Furnace
41:57 Two-Handed Swordsman
43:40 Murder Holes
44:15 Architecture
43:38 Fletching
46:06 Bodkin Arrow
47:00 Padded Archer Armor
47:20 Town Patrol
48:10 Champion
49:24 Elite Hussite Wagon
50:34 Ballistics
50:57 Bracer
hainguyennguyenthoi
10:28 Loom
16:01 Feudal Age
20:21 Castle Age
18:21 Double-Bit Axe
19:03 Horse Collar
20:47 Fletching
20:59 Padded Archer Armor
20:32 Crossbowman
22:35 Bodkin Arrow
26:10 Wheelbarrow
27:16 Bow Saw
28:27 Hand Cart
30:12 Bow Saw
30:57 Leather Archer Armor
31:43 Thumb Ring
31:49 Forging
33:01 Heavy Plow
32:52 Gold Mining
32:54 Stone Mining
36:04 Imperial Age
35:28 Gold Shaft Mining
35:31 Town Watch
36:40 Stone Shaft Mining
36:09 Arbalester
37:01 Bracer
38:03 Chemistry
39:22 Two-Man Saw
38:50 Ballistics
42:31 Fortified Wall
44:55 Ring Archer Armor
44:59 Caravan
45:30 Coinage
47:56 Banking
47:36 Guilds
48:29 Masonry
48:27 Siege Engineers
50:55 Conscription
51:02 Torsion Engines
Vabryn
10:31 Feudal Age
10:56 Horse Collar
12:04 Wheelbarrow
11:49 Double-Bit Axe
20:16 Man-at-Arms
23:26 Bloodlines
25:37 Castle Age
dl_king
12:13 Feudal Age
15:50 Castle Age
13:46 Double-Bit Axe
13:41 Horse Collar
13:53 Gold Mining
16:28 Wheelbarrow
17:15 Heavy Plow
17:27 Bow Saw
21:19 Loom
22:41 Man-at-Arms
24:07 Gambesons
24:22 Squires
24:08 Arson
24:56 Scale Mail Armor
24:38 Long Swordsman
25:07 Town Watch
26:57 Chain Mail Armor
27:09 Forging
27:15 Stone Mining
28:10 Fletching
28:49 Hand Cart
29:22 Gold Shaft Mining
29:44 Town Patrol
33:21 Imperial Age
32:42 Bodkin Arrow
33:25 Iron Casting
33:13 Ballistics
33:04 Careening
32:49 Murder Holes
33:24 Elite Samurai
34:50 Plate Mail Armor
34:48 Conscription
36:18 Blast Furnace
34:54 Capped Ram
36:59 Two-Man Saw
37:39 Yasama
37:59 Kataparuto
39:00 Bracer
40:02 Chemistry
41:34 Thumb Ring
41:54 Parthian Tactics
41:35 Padded Archer Armor
43:43 Hoardings
43:04 Heavy Cavalry Archer
45:22 Scale Barding Armor
46:59 Bloodlines
46:50 Husbandry
49:37 Chain Barding Armor
Oveja de Batalla
1:09 Loom
12:31 Feudal Age
17:14 Castle Age
15:35 Double-Bit Axe
15:31 Horse Collar
15:32 Man-at-Arms
16:51 Town Watch
18:16 Bow Saw
21:38 Padded Archer Armor
22:49 Fletching
23:29 Gold Mining
28:58 Wheelbarrow
33:44 Imperial Age
31:42 Heavy Plow
32:45 Leather Archer Armor
32:26 Bodkin Arrow
32:37 Long Swordsman
32:38 Pikeman
33:20 Squires
34:20 Scale Mail Armor
34:50 Forging
35:32 Chain Mail Armor
34:46 Two-Handed Swordsman
36:42 Chemistry
35:56 Onager
36:36 Capped Ram
38:09 Gold Shaft Mining
39:17 Champion
Connection lost

Rejoining the realm…

Still unreachable

The connection could not be restored.

Session expired

The server has moved on; the page needs a fresh start.